TOP OF THE 1ST |
University of Minnesota Golden Gophers batting - Pitching for University of Southern California Trojans : LHP Cole Corkum
|
Pitching: LHP Cole Corkum
|
|
Batting: RHB Ned Scovell
|
0-0: Ball 1-0: Ball 2-0: Ball 3-0: Called Strike 3-1: Swinging Strike 3-2: Strikes out swinging
|
Batting: SHB Marty Kuehn
|
0-0: Ball 1-0: Ball 2-0: Ball 3-0: Called Strike 3-1: Foul Ball, location: 2F 3-2: Base on Balls
|
Batting: LHB Dick Shafer
|
0-0: SINGLE (Groundball, 4D, EV 96.9 MPH) Marty Kuehn to second
|
Batting: RHB Ozzie Buendia
|
0-0: Ball 1-0: Foul Ball, location: 2F 1-1: Ball 2-1: Ball 3-1: Called Strike 3-2: Foul Ball, location: 2F 3-2: Grounds into double play, 5-4-3 (Groundball, 5, EV 84.4 MPH)
|
Top of the 1st over - 0 runs, 1 hit, 0 errors, 1 left on base; University of Minnesota 0 - University of Southern California 0 |
BOTTOM OF THE 1ST |
University of Southern California Trojans batting - Pitching for University of Minnesota Golden Gophers : RHP Josh Sheets
|
Pitching: RHP Josh Sheets
|
|
Batting: LHB Alonzo Catalan
|
0-0: Ball 1-0: Called Strike 1-1: Ball 2-1: Called Strike 2-2: Foul Ball, location: 2F 2-2: Ball 3-2: Foul Ball, location: 2F 3-2: Fly out, F9 (Flyball, 9, EV 91.9 MPH)
|
Batting: LHB Justin Veirs
|
0-0: Called Strike 0-1: Ground out 4-3 (Groundball, 4M, EV 98.1 MPH)
|
Batting: RHB Eric Baker
|
0-0: Ball 1-0: Foul Ball, location: 2F 1-1: Ball 2-1: Ball 3-1: Base on Balls
|
Batting: LHB John Rumbolt
|
0-0: Foul Ball, location: 2F 0-1: Ball 1-1: Fly out, F5 (Popup, 5, EV 66.9 MPH)
|
Bottom of the 1st over - 0 runs, 0 hits, 0 errors, 1 left on base; University of Minnesota 0 - University of Southern California 0 |
TOP OF THE 2ND |
University of Minnesota Golden Gophers batting - Pitching for University of Southern California Trojans : LHP Cole Corkum
|
Batting: RHB Jarrod Strickhouser
|
0-0: DOUBLE (Line Drive, 7LM, EV 109.4 MPH)
|
Batting: RHB Adler Cananis
|
0-0: Foul Ball, location: 2F 0-1: Foul Ball, location: 2F 0-2: Foul Ball, location: 2F 0-2: Ball 1-2: Ball 2-2: Ground out 4-3 (Groundball, 4, EV 103.8 MPH) Jarrod Strickhouser to third
|
Batting: RHB Farakiko Haunani
|
0-0: Ball 1-0: Called Strike 1-1: Called Strike 1-2: Foul Ball, location: 2F 1-2: Strikes out swinging
|
Batting: LHB Alex Villa
|
0-0: Fly out, F8 (Flyball, 8RD, EV 96.9 MPH)
|
Top of the 2nd over - 0 runs, 1 hit, 0 errors, 1 left on base; University of Minnesota 0 - University of Southern California 0 |
BOTTOM OF THE 2ND |
University of Southern California Trojans batting - Pitching for University of Minnesota Golden Gophers : RHP Josh Sheets
|
Batting: SHB Jason Keys
|
0-0: Ball 1-0: Ball 2-0: Ball 3-0: Base on Balls
|
Batting: RHB Liangde Zhou
|
0-0: Ball 1-0: Called Strike 1-1: Swinging Strike 1-2: Ball 2-2: Foul Ball, location: 2F 2-2: Ball 3-2: Foul Ball, location: 2F 3-2: Foul Ball, location: 2F 3-2: Fly out, F8 (Flyball, 8LD, EV 88.8 MPH)
|
Batting: RHB Rick Acevedo
|
0-0: Ball 1-0: Called Strike 1-1: Swinging Strike 1-2: Foul Ball, location: 2F 1-2: Foul Ball, location: 2F 1-2: Ball 2-2: Ball 3-2: Foul Ball, location: 2F 3-2: Fly out, F8 (Flyball, 8RD, EV 84.4 MPH)
|
Batting: RHB Jeremy McAbee
|
0-0: Ball 1-0: Called Strike 1-1: Ball 2-1: Ball 3-1: Base on Balls Jason Keys to second
|
Batting: RHB Jochen Schanz
|
0-0: Ball 1-0: Foul Ball, location: 2F 1-1: Foul Ball, location: 2F 1-2: Foul Ball, location: 2F 1-2: Ball 2-2: Strikes out swinging
|
Bottom of the 2nd over - 0 runs, 0 hits, 0 errors, 2 left on base; University of Minnesota 0 - University of Southern California 0 |
TOP OF THE 3RD |
University of Minnesota Golden Gophers batting - Pitching for University of Southern California Trojans : LHP Cole Corkum
|
Batting: RHB Bing Loh
|
0-0: Called Strike 0-1: Ball 1-1: Swinging Strike 1-2: Strikes out swinging
|
Batting: RHB Ned Scovell
|
0-0: DOUBLE (Line Drive, 7LM, EV 91.2 MPH)
|
Batting: SHB Marty Kuehn
|
0-0: Foul Ball, location: 2F 0-1: Foul Ball, location: 2F 0-2: Ball 1-2: Ball 2-2: Ball 3-2: Foul Ball, location: 2F 3-2: Ground out 4-3 (Groundball, 34, EV 108.8 MPH) Ned Scovell to third
|
Pitching: RHP Tyshawn Calvin
|
|
Batting: LHB Dick Shafer
|
0-0: Ball 1-0: Called Strike 1-1: Ground out 4-3 (Groundball, 4, EV 86.2 MPH)
|
Top of the 3rd over - 0 runs, 1 hit, 0 errors, 1 left on base; University of Minnesota 0 - University of Southern California 0 |
BOTTOM OF THE 3RD |
University of Southern California Trojans batting - Pitching for University of Minnesota Golden Gophers : RHP Josh Sheets
|
Pitching: RHP Dan Lupo
|
|
Batting: LHB Alonzo Catalan
|
0-0: Ball 1-0: Ground out 4-3 (Groundball, 4, EV 86.2 MPH)
|
Batting: LHB Justin Veirs
|
0-0: Called Strike 0-1: Ball 1-1: Ground out 6-3 (Groundball, 6D, EV 91.9 MPH)
|
Batting: RHB Eric Baker
|
0-0: Ball 1-0: Ball 2-0: Ball 3-0: Called Strike 3-1: Called Strike 3-2: Ground out 2-3 (Groundball, 2L, EV 71.2 MPH)
|
Bottom of the 3rd over - 0 runs, 0 hits, 0 errors, 0 left on base; University of Minnesota 0 - University of Southern California 0 |
TOP OF THE 4TH |
University of Minnesota Golden Gophers batting - Pitching for University of Southern California Trojans : RHP Tyshawn Calvin
|
Pitching: RHP Kyle Barraza
|
|
Batting: RHB Ozzie Buendia
|
0-0: Reached on error, E3 (Groundball, 34, EV 103.8 MPH)
|
Batting: RHB Jarrod Strickhouser
|
0-0: Called Strike 0-1: Called Strike 0-2: Strikes out looking
|
Batting: RHB Adler Cananis
|
0-0: Ball 1-0: Ball 2-0: Foul Ball, location: 2F 2-1: Foul Ball, location: 2F 2-2: SINGLE (Groundball, 6MD, EV 97.5 MPH) Ozzie Buendia to third
|
Batting: RHB Farakiko Haunani
|
0-0: Ball 1-0: Fly out, F9 (Flyball, 89D, EV 103.8 MPH) Runner from 3rd tags up, OUT at HOME! 9-2
|
Top of the 4th over - 0 runs, 1 hit, 1 error, 1 left on base; University of Minnesota 0 - University of Southern California 0 |
BOTTOM OF THE 4TH |
University of Southern California Trojans batting - Pitching for University of Minnesota Golden Gophers : RHP Dan Lupo
|
Pinch Hitting: LHB Eli Evenson
|
0-0: Ball 1-0: Ball 2-0: Called Strike 2-1: Swinging Strike 2-2: Fly out, F8 (Flyball, 8RD, EV 100.6 MPH)
|
Batting: SHB Jason Keys
|
0-0: Ball 1-0: Foul Ball, location: 2F 1-1: Swinging Strike 1-2: Strikes out looking
|
Batting: RHB Liangde Zhou
|
0-0: Ball 1-0: Ball 2-0: Ground out 6-3 (Groundball, 6M, EV 86.9 MPH)
|
Bottom of the 4th over - 0 runs, 0 hits, 0 errors, 0 left on base; University of Minnesota 0 - University of Southern California 0 |
TOP OF THE 5TH |
University of Minnesota Golden Gophers batting - Pitching for University of Southern California Trojans : RHP Kyle Barraza
|
Now at C: Dam Giap
|
|
Now at 1B: Santiago Romero
|
|
Now at 3B: Tri Kartini
|
|
Now in CF: Brad Betterton
|
|
Now in RF: Roger Kean
|
|
Batting: LHB Alex Villa
|
0-0: Called Strike 0-1: Ball 1-1: Ball 2-1: Called Strike 2-2: Ball 3-2: Strikes out swinging
|
Batting: RHB Bing Loh
|
0-0: Foul Ball, location: 2F 0-1: Ball 1-1: Ball 2-1: Ball 3-1: Base on Balls
|
Pinch Hitting: RHB Tatsuyoshi Ikeda
|
0-0: Ball 1-0: Swinging Strike 1-1: Ball 2-1: SINGLE (Groundball, 6, EV 103.1 MPH) Bing Loh to second
|
Batting: SHB Marty Kuehn
|
0-0: Fielders Choice at 2nd, 4-6 (Groundball, 4M, EV 105.6 MPH) Bing Loh to third
|
Pinch Hitting: RHB Roy Evenden
|
0-0: Ball 1-0: Ball Marty Kuehn is caught stealing 2nd base 2-4
|
Top of the 5th over - 0 runs, 1 hit, 0 errors, 1 left on base; University of Minnesota 0 - University of Southern California 0 |
BOTTOM OF THE 5TH |
University of Southern California Trojans batting - Pitching for University of Minnesota Golden Gophers : RHP Dan Lupo
|
Pitching: RHP Frank McCarthy
|
|
Now at C: Jason Mooris
|
|
Now at 1B: Antonio Cordero
|
|
Now at SS: Ron Gooch
|
|
Now in LF: Dave Uttley
|
|
Now in CF: Chris Rodgers
|
|
Now in RF: Ivan Villegas
|
|
Batting: RHB Rick Acevedo
|
0-0: Ball 1-0: Ball 2-0: Swinging Strike 2-1: Foul Ball, location: 2F 2-2: Strikes out swinging
|
Batting: RHB Jeremy McAbee
|
0-0: Swinging Strike 0-1: Foul Ball, location: 2F 0-2: Ball 1-2: Ball 2-2: Strikes out swinging
|
Batting: RHB Jochen Schanz
|
0-0: Fly out, F9 (Flyball, 89M, EV 87.5 MPH)
|
Bottom of the 5th over - 0 runs, 0 hits, 0 errors, 0 left on base; University of Minnesota 0 - University of Southern California 0 |
TOP OF THE 6TH |
University of Minnesota Golden Gophers batting - Pitching for University of Southern California Trojans : RHP Kyle Barraza
|
Pitching: RHP Yacob Onyebuchi
|
|
Now at 2B: Kasey Kasarda
|
|
Now in LF: Mhelter Daulong
|
|
Batting: RHB Ron Gooch
|
0-0: Ball 1-0: Called Strike 1-1: Ball 2-1: Ball 3-1: Base on Balls
|
Pinch Hitting: LHB Josh Rini
|
0-0: Foul Ball, location: 2F 0-1: Ball 1-1: Ball 2-1: Ball 3-1: Fly out, F7 (Line Drive, 78M, EV 108.1 MPH)
|
Batting: LHB Ivan Villegas
|
0-0: Ball 1-0: Ball 2-0: Ball 3-0: Called Strike 3-1: Called Strike 3-2: Foul Ball, location: 2F 3-2: Foul Ball, location: 2F 3-2: Fly out, F9 (Flyball, 9LMF, EV 100.0 MPH)
|
Batting: SHB Chris Rodgers
|
0-0: Ball 1-0: Ball 2-0: Called Strike 2-1: Ground out 4-3 (Groundball, 4, EV 87.5 MPH)
|
Top of the 6th over - 0 runs, 0 hits, 0 errors, 1 left on base; University of Minnesota 0 - University of Southern California 0 |
BOTTOM OF THE 6TH |
University of Southern California Trojans batting - Pitching for University of Minnesota Golden Gophers : RHP Frank McCarthy
|
Pitching: RHP Jin Guan
|
|
Now at 3B: Phil Bonner
|
|
Batting: LHB Roger Kean
|
0-0: Ball 1-0: Fly out, F8 (Flyball, 8RM, EV 93.8 MPH)
|
Batting: RHB Tri Kartini
|
0-0: Fly out, F9 (Flyball, 9S, EV 95.0 MPH)
|
Batting: LHB Brad Betterton
|
0-0: Swinging Strike 0-1: Ball 1-1: Swinging Strike 1-2: Strikes out swinging
|
Bottom of the 6th over - 0 runs, 0 hits, 0 errors, 0 left on base; University of Minnesota 0 - University of Southern California 0 |
TOP OF THE 7TH |
University of Minnesota Golden Gophers batting - Pitching for University of Southern California Trojans : RHP Yacob Onyebuchi
|
Pitching: LHP Jaden Peay
|
|
Batting: RHB Farakiko Haunani
|
0-0: Foul Ball, location: 2F 0-1: Ball 1-1: Ground out 6-3 (Groundball, 6M, EV 87.5 MPH)
|
Batting: RHB Dave Uttley
|
0-0: Called Strike 0-1: Fly out, F7 (Flyball, 7, EV 93.1 MPH)
|
Batting: LHB Jose Moncada
|
0-0: Called Strike 0-1: Swinging Strike 0-2: Ball 1-2: Ball 2-2: Strikes out swinging
|
Top of the 7th over - 0 runs, 0 hits, 0 errors, 0 left on base; University of Minnesota 0 - University of Southern California 0 |
BOTTOM OF THE 7TH |
University of Southern California Trojans batting - Pitching for University of Minnesota Golden Gophers : RHP Jin Guan
|
Pinch Hitting: RHB Jim Baltazar
|
0-0: Foul Ball, location: 2F 0-1: Ball 1-1: Foul Ball, location: 2F 1-2: Strikes out swinging
|
Batting: RHB Dennis Tempel
|
0-0: Called Strike 0-1: Foul Ball, location: 2F 0-2: Foul Ball, location: 2F 0-2: Strikes out looking
|
Batting: RHB Dam Giap
|
0-0: Swinging Strike 0-1: Called Strike 0-2: Ball 1-2: Fly out, F7 (Flyball, 7, EV 83.8 MPH)
|
Bottom of the 7th over - 0 runs, 0 hits, 0 errors, 0 left on base; University of Minnesota 0 - University of Southern California 0 |
TOP OF THE 8TH |
University of Minnesota Golden Gophers batting - Pitching for University of Southern California Trojans : LHP Jaden Peay
|
Pitching: RHP Enrique Zepeda
|
|
Now at 1B: Joe Keough
|
|
Batting: LHB Antonio Cordero
|
0-0: Ball 1-0: Ball 2-0: Ball 3-0: Base on Balls
|
Batting: RHB Jason Mooris
|
0-0: Bunt missed! 0-1: Bunt missed! 0-2: Fly out, F7 (Flyball, 7, EV 90.0 MPH)
|
Batting: RHB Ron Gooch
|
0-0: Fly out, F6 (Popup, 6MD, EV 48.8 MPH)
|
Batting: LHB Phil Bonner
|
0-0: Ball 1-0: Foul Ball, location: 2F 1-1: Swinging Strike 1-2: Strikes out swinging
|
Top of the 8th over - 0 runs, 0 hits, 0 errors, 1 left on base; University of Minnesota 0 - University of Southern California 0 |
BOTTOM OF THE 8TH |
University of Southern California Trojans batting - Pitching for University of Minnesota Golden Gophers : RHP Jin Guan
|
Pitching: RHP Luis Ibarra
|
|
Batting: SHB Mhelter Daulong
|
0-0: Called Strike 0-1: Ball 1-1: Foul Ball, location: 2F 1-2: Foul Ball, location: 2F 1-2: Strikes out looking
|
Batting: RHB Jeremy McAbee
|
0-0: Fly out, F8 (Line Drive, 8LD, EV 97.5 MPH)
|
Pinch Hitting: RHB John Sandberg
|
0-0: Foul Ball, location: 2F 0-1: Ball 1-1: Foul Ball, location: 2F 1-2: DOUBLE (Line Drive, 7LS, EV 100.6 MPH)
|
Batting: LHB Roger Kean
|
0-0: Called Strike 0-1: Ball 1-1: Ball 2-1: Ball 3-1: 2-RUN HOME RUN (Flyball, 9LD, EV 93.8 MPH), Distance : 352 ft
|
Batting: RHB Tri Kartini
|
0-0: Ground out U3 (Groundball, 3L, EV 104.4 MPH)
|
Bottom of the 8th over - 2 runs, 2 hits, 0 errors, 0 left on base; University of Minnesota 0 - University of Southern California 2 |
TOP OF THE 9TH |
University of Minnesota Golden Gophers batting - Pitching for University of Southern California Trojans : RHP Enrique Zepeda
|
Pitching: RHP Abizar Djajadiningrat
|
|
Now at 2B: Joey Fields
|
|
Batting: LHB Ivan Villegas
|
0-0: Ball 1-0: Ball 2-0: Called Strike 2-1: DOUBLE (Flyball, 8LXD, EV 92.5 MPH)
|
Pinch Hitting: LHB Bobby Agterberg
|
0-0: Called Strike 0-1: Called Strike 0-2: Strikes out swinging
|
Batting: RHB Farakiko Haunani
|
0-0: Ball 1-0: Ball 2-0: Ball 3-0: Base on Balls
|
Pinch Hitting: LHB Gabe Cothron
|
0-0: Called Strike 0-1: Ball 1-1: Swinging Strike 1-2: Strikes out swinging
|
Batting: LHB Jose Moncada
|
0-0: Called Strike 0-1: Ball 1-1: Ball 2-1: SINGLE (Line Drive, 7S, EV 108.1 MPH) Ivan Villegas to third Farakiko Haunani to second
|
Pinch Hitting: RHB Mike Satterfield
|
0-0: Swinging Strike 0-1: Fly out, F6 (Popup, P, EV 76.9 MPH)
|
Top of the 9th over - 0 runs, 2 hits, 0 errors, 3 left on base; University of Minnesota 0 - University of Southern California 2 |
|